 Dungeon Crawl Stone Soup version 0.17-a0-125-g34d91a1 (webtiles) character file.

55 UseBlinkOrFog the Magician (level 3, -8/18 HPs)
             Began as a Spriggan Wizard on Mar 23, 2015.
             Mangled by a gnoll
             ... wielding a cursed +0 spear
              (9 damage)
             ... on level 2 of the Dungeon.
             The game lasted 00:04:18 (1768 turns).

UseBlinkOrFog the Magician (Spriggan Wizard)        Turns: 1768, Time: 00:04:18

Health: -8/18      AC:  2    Str:  3    XL:     3   Next: 67%
Magic:  4/13       EV: 19    Int: 20    God:
Gold:   148        SH:  0    Dex: 14    Spells: 1 memorised, 10 levels left

rFire  . . .     SeeInvis +     (no weapon)
rCold  . . .     Clarity  +     a - +0 robe
rNeg   . . .     SustAb   .     (shield restricted)
rPois  .         Gourm    .     b - +0 hat
rElec  .         Spirit   .     (no cloak)
rCorr  .         Warding  .     (gloves unavailable)
rMut   .         Stasis   .     (boots unavailable)
MR     .....                    f - amulet of clarity
Stlth  ++........               (no ring)
                                (no ring)

@: very quick, not resistant to hostile enchantments, unstealthy
A: unfitting armour, see invisible, herbivore 3, speed 3, slow metabolism 2
a: no special abilities


You were on level 2 of the Dungeon.
You were not hungry.

You visited 1 branch of the dungeon, and saw 2 of its levels.

You collected 148 gold pieces.

Inventory:

Armour
 a - a +0 robe (worn)
 b - a +0 hat (worn)
Jewellery
 f - an amulet of clarity (around neck)
Scrolls
 e - 2 scrolls of identify {unknown}
 i - a scroll of noise {unknown}
Potions
 g - a potion of might {unknown}
 h - a potion of ambrosia {unknown}
Books
 c - a book of Minor Magic

   Spells                             Type                      Level
   a - Magic Dart                     Conjuration                  1
   b - Blink                          Translocation                2
   c - Call Imp                       Summoning                    2
   d - Repel Missiles                 Charms/Air                   2
   e - Slow                           Hexes                        2
   f - Conjure Flame                  Conjuration/Fire             3
   g - Mephitic Cloud                 Conjuration/Poison/Air       3
Comestibles
 d - a bread ration


   Skills:
 + Level 1.1 Fighting
 + Level 4.5 Dodging
 - Level 3.0 Stealth
 - Level 4.7 Spellcasting
 - Level 0.6 Conjurations
   Level 0.7 Summonings
   Level 1.5 Translocations


You had 10 spell levels left.
You knew the following spells:

 Your Spells              Type           Power        Failure   Level  Hunger
a - Magic Dart            Conj           #...         12%         1    None


Dungeon Overview and Level Annotations

Branches:
Dungeon (2/15)

Altars:
Trog


Innate Abilities, Weirdness & Mutations

You are tiny and cannot use many weapons and most armour.
You have supernaturally acute eyesight.
You are a herbivore.
You cover ground extremely quickly.
You need consume almost no food.


Message History

Confirm with . or Enter, or press ? or * to list all spells.
Aiming: Magic Dart
Press: ? - help, Shift-Dir - straight line, f/p - gnoll
Aim: a gnoll, wielding a spear (moderately wounded)
The magic dart hits the gnoll.
The gnoll is heavily wounded.
The gnoll hits you from afar with a spear!
Casting: Magic Dart
Confirm with . or Enter, or press ? or * to list all spells.
Aiming: Magic Dart
Press: ? - help, Shift-Dir - straight line, f/p - gnoll
Aim: a gnoll, wielding a spear (heavily wounded)
The magic dart hits the gnoll.
The gnoll is heavily wounded.
The gnoll hits you from afar with a spear!
Ouch! That really hurt!
* * * LOW HITPOINT WARNING * * *
The gnoll hits you from afar with a spear!
Ouch! That really hurt!
You die...

.#.# ####...............
.#.###########....†.............
.(..##...g†.g..###.)............
.......#######.#####g............
...............g.g...#..>........
....######.(...########..........
.#..).........g### #####.(.......
...<.##..........# #.........%...
.###...........>@# #.##≈≈######.
.# #........>....# #..§≈##⌠#⌠##
.. ####..........###..#≈#≈≈≈≈≈#
..## #..........##..##≈#≈..§≈##
...# #.##...........##≈#≈...§⌠#
#..####.......##........')._.§#
#....######.......)....≈#≈..§§⌠#
......†......#.........§#§..§§##
##....#####.......#..#.≈#≈§§≈§#


You could see a gnoll.

Vanquished Creatures
  2 adders (D:2)
  2 giant geckos
  A ball python (D:1)
  2 giant cockroaches (D:1)
  8 hobgoblins
  2 jackals (D:1)
  5 kobolds
  A bat (D:2)
  2 giant newts (D:1)
  5 goblins
  3 rats
33 creatures vanquished.

Notes
Turn   | Place    | Note
--------------------------------------------------------------
     0 | D:1      | UseBlinkOrFog, the Spriggan Wizard, began the quest for the Orb.
     0 | D:1      | Reached XP level 1. HP: 9/9 MP: 6/6
   390 | D:1      | Reached XP level 2. HP: 13/13 MP: 7/9
  1264 | D:2      | Reached XP level 3. HP: 15/17 MP: 7/13
  1400 | D:2      | Found a bloodstained altar of Trog.
  1499 | D:2      | Reached skill level 1 in Fighting
  1768 | D:2      | Mangled by a gnoll

Action                   || total
-------------------------++-------
Melee: Unarmed           ||    25
 Cast: Magic Dart        ||   104
